 Dungeon Crawl Stone Soup version 0.28.0-45-g0d030f2227 (webtiles) character file.

Game seed: 4791906682501070260

396 Icepheonix32 the Skirmisher (level 6, 0/48 HPs)
             Began as a Demonspawn Fighter on Apr 12, 2022.
             Slain by an orc
             ... wielding a +0 flail
              (5 damage)
             ... on level 4 of the Dungeon.
             The game lasted 00:03:31 (3106 turns).

Icepheonix32 the Skirmisher (Demonspawn Fighter)    Turns: 3106, Time: 00:03:31

Health: 0/48       AC: 11    Str: 18    XL:     6   Next: 52%
Magic:  18/19      EV: 11    Int:  9    God:
Gold:   119        SH:  4    Dex: 13    Spells: 10/10 levels left

rFire   . . .      SeeInvis .   f - +0 trident (protect)
rCold   x . .      Faith    .   c - +0 buckler
rNeg    . . .      Spirit   .   o - +1 leather armour of Elylirel {Fly rC- Will+++ MP+9}
rPois   .          Reflect  .   (no helmet)
rElec   .          Harm     .   (no cloak)
rCorr   .          Rampage  .   (no gloves)
Will    +++..                   (no boots)
Stlth   +.........              (no amulet)
HPRegen 0.16/turn               (no ring)
MPRegen 0.16/turn               (no ring)

@: under a protective aura, on berserk cooldown, flying, slowed, very slow
A: demonic magic 3
a: no special abilities


You were on level 4 of the Dungeon.
You visited 1 branch of the dungeon, and saw 4 of its levels.

You collected 119 gold pieces.

Inventory:

Hand Weapons
 a - a +0 long sword
 f - a +0 trident of protection (weapon)
Missiles
 s - 4 silver javelins (quivered)
Armour
 b - a +0 scale mail
 c - a +0 buckler (worn)
 h - a +0 chain mail
 o - the +1 leather armour of Elylirel (worn) {Fly rC- Will+++ MP+9}
   (You found it on level 2 of the Dungeon)

   rC:        It makes you vulnerable to cold.
   MP:        It affects your magic capacity (+9).
   Fly:       It grants you flight.
   Will:      It greatly increases your willpower.
Jewellery
 p - an amulet of the acrobat
Scrolls
 e - a scroll of noise
 j - a scroll of holy word {unknown}
 k - a scroll of silence {unknown}
 l - a scroll of enchant armour {unknown}
 m - a scroll of fear {unknown}
 r - a scroll of identify {unknown}
Potions
 g - 2 potions of lignification {unknown}
 i - a potion of mutation {unknown}
 n - a potion of attraction {unknown}
 q - a potion of curing


   Skills:
 + Level 3.8 Fighting
 - Level 2.0 Long Blades
 + Level 3.0 Polearms
 + Level 3.4 Armour
 + Level 1.3 Dodging
 + Level 0.7 Stealth
 + Level 3.2 Shields
 * Level 2.6 Spellcasting


You had 10 spell levels left.
You didn't know any spells.
Your spell library was empty.

Dungeon Overview and Level Annotations

Branches:
Dungeon (4/15)
 Temple: D:4-7

Altars:
Xom

Shops:
D:2 (


Innate Abilities, Weirdness & Mutations

Spells you cast and wands you use may paralyse nearby enemies.


Message History

You puncture the orc warrior!
You kill the orc warrior!
The orc hits you but does no damage.
Unknown command.
You hit the orc.
The orc is severely wounded.
The orc hits you but does no damage. You block the orc's attack.
A rat comes into view.
You puncture the orc!
You kill the orc!
You closely miss the orc.
The orc is severely wounded.
The orc closely misses you.
You hit something.
An orc comes into view. It is wielding a +0 flail.
The orc barely misses you.
You closely miss something.
The orc shouts!
Something hits you but does no damage. The orc hits you but does no damage.
You hit something. Something hits you but does no damage.
You puncture something!
Reactivating autopickup.
You feel a bit more experienced. The orc hits you with a +0 hand axe.
* * * LOW HITPOINT WARNING * * *
Your Polearms skill increases to level 3!
You puncture the orc!
You kill the orc!
You are no longer berserk.
You are exhausted.
You feel yourself slow down. The rat bites you but does no damage.
Unknown command.
You hit the rat.
The rat is severely wounded.
The rat closely misses you. The orc hits you with a +0 flail.
* * * LOW HITPOINT WARNING * * *
The rat barely misses you.
You barely miss the rat.
The rat is severely wounded.
The orc hits you with a +0 flail.
You die...

#.# ..#
..########+###
#.##.........#
#..#.........# ##
#..#.........# ...
#<...........##..##
#.#.....o..........
#)#.....r@.......#
#.#.[.(..).†.##..#
#..#.#########
#..#.##########..
+)....).........>
#..#..#######.#..
...........
...............
...#.#..###.####


You could see an orc and a rat.

Vanquished Creatures
  An orc warrior (D:4)
  An ogre (D:4)
  Ijyb (D:3)
  2 orc wizards (D:4)
  4 adders
  3 gnolls (D:3)
  2 worms
  A dart slug (D:3)
  6 orcs
  3 ball pythons
  2 bats
  9 endoplasms
  6 giant cockroaches
  3 goblins
  A hobgoblin (D:3)
  4 quokkas
  3 frilled lizards
  8 kobolds
  7 rats
67 creatures vanquished.

Notes
Turn   | Place    | Note
-------+----------+-------------------------------------------
     0 | D:1      | Icepheonix32 the Demonspawn Fighter began the quest for the
                  | Orb.
     0 | D:1      | Reached XP level 1. HP: 18/18 MP: 1/1
   253 | D:1      | Gained mutation: Spells you cast may paralyse adjacent
                  | enemies. [demonic ancestry]
   253 | D:1      | Reached XP level 2. HP: 21/24 MP: 2/2
   354 | D:1      | You fall into a shaft and drop 1 floor!
   354 | D:2      | Found Goatyrao's Weapon Shop.
   672 | D:2      | Gained mutation: Spells you cast may paralyse nearby
                  | enemies. [demonic ancestry]
   672 | D:2      | Reached XP level 3. HP: 23/29 MP: 3/3
  1272 | D:1      | Found a faded altar of an unknown god.
  1272 | D:1      | Noticed a hellion
  1558 | D:2      | Reached skill level 1 in Spellcasting
  1586 | D:2      | Identified the +1 leather armour of Elylirel {Fly rC-
                  | Will+++ MP+9}
  1852 | D:3      | Reached skill level 1 in Polearms
  1897 | D:3      | Reached XP level 4. HP: 23/35 MP: 5/5
  2101 | D:3      | Found a shimmering altar of Xom.
  2441 | D:3      | Noticed Ijyb
  2482 | D:3      | Killed Ijyb
  2775 | D:3      | Reached XP level 5. HP: 41/41 MP: 7/7
  2925 | D:4      | Noticed an ogre
  2938 | D:4      | Killed an ogre
  2939 | D:4      | Reached skill level 1 in Dodging
  2977 | D:4      | Gained mutation: Spells you cast and wands you use may
                  | paralyse nearby enemies. [demonic ancestry]
  2977 | D:4      | Reached XP level 6. HP: 17/47 MP: 9/9
  3074 | D:4      | Noticed an orc warrior
  3096 | D:4      | Killed an orc warrior
  3106 | D:4      | Slain by an orc

Illustrated notes

Levels and vault maps discovered:
D:1:      dpeg_arrival_rooms_b, layout_basic,
          dreamdust_ecumenical_altar_sealed_demon, minmay_misc_feat_hallway
D:2:      layout_loops_ring, serial_shops, nicolae_shop_bloodbath_and_beyond,
          chequers_serial_rivers_small_3
D:3:      minmay_wonky_spiral, layout_basic, mainiacjoe_overflow_chevrons,
          uniq_ijyb
D:4:      layout_basic, general_overflow_altar, lemuel_crystal_altar,
          trog_hazing_becter, cheibrodos_sewer_entry_drain,
          mrwooster_statue_mirror, minmay_hollow_rounded_squares

Skill      XL: |  1  2  3  4  5  6 |
---------------+-------------------+-----
Long Blades    | 2 |  2.0
Shields        | 3 |  3.2
Armour         | 3 |  3.4
Spellcasting   | 1 2 |  2.6
Polearms       | 1 2 3 |  3.0
Dodging        | 1 |  1.3
Fighting       | |  3.8
Stealth        | |  0.7

Action                   |  1- 3 |  4- 6 || total
-------------------------+-------+-------++-------
Melee: Long sword        |    12 |       ||    12
       Trident           |   105 |   140 ||   245
Throw: Throwing net      |       |     1 ||     1
  Use: Potion            |       |     3 ||     3
       Scroll            |       |     1 ||     1
 Stab: Distracted        |       |     1 ||     1
       Sleeping          |       |     1 ||     1
Armor: Scale mail        |    42 |       ||    42
       Leather armour    |     4 |    50 ||    54
Dodge: Dodged            |    34 |    50 ||    84
Block: Buckler           |    20 |    30 ||    50
